HSSL
SANTA FE HS CHIEFS @ BISHOP GORMAN HS BALBASAURS
04/15/2025
 
TOP OF THE 1ST
Santa Fe HS Chiefs batting - Pitching for Bishop Gorman HS : RHP Máximo Rivera
Pitching: RHP Máximo Rivera
Batting: RHB William Todd 0-0: Ball
1-0: SINGLE (Line Drive, 9LS)
Batting: RHB Thomas Barnes 0-0: Ball
1-0: Foul Ball, location: 2F
1-1: Foul Ball, location: 2F
1-2: Ball
2-2: Strikes out swinging
Batting: SHB Oliver Riley 0-0: Ball
1-0: Ball
2-0: SINGLE (Groundball, 56D)
William Todd to second
Batting: LHB Derrek Robinson 0-0: Ball
1-0: Ball
2-0: Foul Ball, location: 2F
2-1: Ball
3-1: Called Strike
3-2: Fly out, F5 (Popup, 5SF)
Batting: LHB Adrian Neal 0-0: Ball
1-0: Called Strike
1-1: Ball
2-1: 3-RUN HOME RUN (Flyball, 89XD), Distance : 395 ft
Batting: SHB Ernest Hood 0-0: Ball
1-0: SINGLE (Groundball, 56D)
Batting: LHB Paul Starr 0-0: Called Strike
0-1: Called Strike
0-2: Ball
1-2: Ball
2-2: Ball
3-2: Strikes out swinging
Top of the 1st over - 3 run(s), 4 hit(s), 0 error(s), 1 left on base; Santa Fe HS 3 - Bishop Gorman HS 0
BOTTOM OF THE 1ST
Bishop Gorman HS batting - Pitching for Santa Fe HS Chiefs : RHP Benjamin Bell
Pitching: RHP Benjamin Bell
Batting: RHB Steve Murphy 0-0: Ball
1-0: Ball
2-0: Ball
3-0: Base on Balls
Batting: RHB Sidney Gilbert 0-0: Ball
1-0: Reached on error, E6 (Groundball, 6M)
Steve Murphy to second
Batting: RHB Gary Robinson 0-0: Foul Ball, location: 2F
0-1: Ball
1-1: Ball
2-1: Called Strike
2-2: SINGLE (Line Drive, 6MD)
Steve Murphy to third
Sidney Gilbert to second
Batting: LHB Jean-Sébastien Beaudin 0-0: Called Strike
0-1: Swinging Strike
0-2: Strikes out swinging
Batting: RHB Max Kimball 0-0: Called Strike
0-1: Ball
1-1: Swinging Strike
1-2: Strikes out looking
Batting: RHB Ed Gómez 0-0: Ball
1-0: Foul Ball, location: 2F
1-1: Foul Ball, location: 2F
1-2: Ball
2-2: Foul Ball, location: 2F
2-2: Foul Ball, location: 2F
2-2: Ball
3-2: Strikes out looking
Bottom of the 1st over - 0 run(s), 1 hit(s), 1 error(s), 3 left on base; Santa Fe HS 3 - Bishop Gorman HS 0
TOP OF THE 2ND
Santa Fe HS Chiefs batting - Pitching for Bishop Gorman HS : RHP Máximo Rivera
Batting: RHB Stan Murray 0-0: Ball
1-0: Fly out, F7 (Flyball, 7M)
Batting: LHB William Mitchell 0-0: Fly out, F7 (Flyball, 78M)
Batting: RHB William Todd 0-0: Called Strike
0-1: Ball
1-1: Called Strike
1-2: Foul Ball, location: 2F
1-2: Ball
2-2: Ball
3-2: Base on Balls
Batting: RHB Thomas Barnes 0-0: Ball
1-0: Ball
2-0: Ball
3-0: Called Strike
3-1: Swinging Strike
3-2: Strikes out swinging
Top of the 2nd over - 0 run(s), 0 hit(s), 0 error(s), 1 left on base; Santa Fe HS 3 - Bishop Gorman HS 0
BOTTOM OF THE 2ND
Bishop Gorman HS batting - Pitching for Santa Fe HS Chiefs : RHP Benjamin Bell
Batting: LHB Zhen-bang Rao 0-0: Ball
1-0: Foul Ball, location: 2F
1-1: Called Strike
1-2: Ball
2-2: Ball
3-2: Base on Balls
Batting: RHB Bryan Martínez 0-0: Ball
1-0: Foul Ball, location: 2F
1-1: Called Strike
1-2: SINGLE (Groundball, 34)
Zhen-bang Rao to second
Runner from 2nd tries for 3rd, SAFE, throw made to third
Batting: LHB Jack Jefferson 0-0: SINGLE (Line Drive, 6D)
Zhen-bang Rao scores
Bryan Martínez to second
Batting: RHB Steve Murphy 0-0: Ball
1-0: Swinging Strike
1-1: Foul Ball, location: 2F
1-2: Ball
2-2: Fielders Choice at 2nd, 1-6 (Groundball, 15)
Bryan Martínez to third
Batting: RHB Sidney Gilbert 0-0: Grounds into double play, 5-4-3 (Groundball, 5)
Bottom of the 2nd over - 1 run(s), 2 hit(s), 0 error(s), 1 left on base; Santa Fe HS 3 - Bishop Gorman HS 1
TOP OF THE 3RD
Santa Fe HS Chiefs batting - Pitching for Bishop Gorman HS : RHP Máximo Rivera
Batting: SHB Oliver Riley 0-0: Fly out, F6 (Popup, 6D)
Batting: LHB Derrek Robinson 0-0: Ball
1-0: Foul Ball, location: 2F
1-1: Called Strike
1-2: SOLO HOME RUN (Line Drive, 9LD), Distance : 348 ft
Batting: LHB Adrian Neal 0-0: Hit by Pitch
Batting: SHB Ernest Hood 0-0: Called Strike
0-1: Foul Ball, location: 2F
0-2: Strikes out looking
Batting: LHB Paul Starr 0-0: Ball
1-0: Ball
2-0: Ground out 5-3 (Groundball, 5)
Top of the 3rd over - 1 run(s), 1 hit(s), 0 error(s), 1 left on base; Santa Fe HS 4 - Bishop Gorman HS 1
BOTTOM OF THE 3RD
Bishop Gorman HS batting - Pitching for Santa Fe HS Chiefs : RHP Benjamin Bell
Batting: RHB Gary Robinson 0-0: Ball
1-0: Swinging Strike
1-1: Foul Ball, location: 2F
1-2: Ball
2-2: SINGLE (Groundball, 6M)
Batting: LHB Jean-Sébastien Beaudin 0-0: Called Strike
0-1: Ball
1-1: Called Strike
1-2: Ball
2-2: Ball
3-2: Base on Balls
Gary Robinson to second
Batting: RHB Max Kimball 0-0: Grounds into double play, U5-3 (Groundball, 5F)
Jean-Sébastien Beaudin to second
Batting: RHB Ed Gómez 0-0: Ball
1-0: Swinging Strike
1-1: Swinging Strike
1-2: Ball
2-2: Ground out 4-3 (Groundball, 4M)
Bottom of the 3rd over - 0 run(s), 1 hit(s), 0 error(s), 1 left on base; Santa Fe HS 4 - Bishop Gorman HS 1
TOP OF THE 4TH
Santa Fe HS Chiefs batting - Pitching for Bishop Gorman HS : RHP Máximo Rivera
Batting: RHB Stan Murray 0-0: Foul Ball, location: 2F
0-1: Ball
1-1: Ball
2-1: Called Strike
2-2: Hit by Pitch
Batting: LHB William Mitchell 0-0: Ball
1-0: Foul Ball, location: 2F
1-1: Ball
2-1: Ball
3-1: Base on Balls
Stan Murray to second
Batting: RHB William Todd 0-0: Called Strike
0-1: Called Strike
0-2: Foul Ball, location: 2F
0-2: Reached on Error, E8 (Flyball, 8LM)
Stan Murray to third
William Mitchell to second
Batting: RHB Thomas Barnes 0-0: Hit by Pitch
Stan Murray scores
William Mitchell to third
William Todd to second
Batting: SHB Oliver Riley 0-0: Called Strike
0-1: Ball
1-1: Swinging Strike
1-2: Ball
2-2: Foul Ball, location: 2F
2-2: Ball
3-2: Strikes out swinging
Batting: LHB Derrek Robinson 0-0: Fly out, F6 (Popup, 6M)
Batting: LHB Adrian Neal 0-0: Called Strike
0-1: Ball
1-1: Foul Ball, location: 2F
1-2: SINGLE (Groundball, 34D)
William Mitchell scores
William Todd to third
Thomas Barnes to second
Runner from 3rd tries for Home, SAFE, no throw or cutoff
Pitching: RHP Craig Stanley
Batting: SHB Ernest Hood 0-0: Ball
1-0: Ball
2-0: Swinging Strike
2-1: Foul Ball, location: 2F
2-2: Foul Ball, location: 2F
2-2: Ball
3-2: Foul Ball, location: 2F
3-2: Base on Balls
Thomas Barnes to third
Adrian Neal to second
Batting: LHB Paul Starr 0-0: Called Strike
0-1: Foul Ball, location: 2F
0-2: Foul Ball, location: 2F
0-2: Ball
1-2: Ball
2-2: Foul Ball, location: 2F
2-2: Strikes out swinging
Top of the 4th over - 3 run(s), 1 hit(s), 1 error(s), 3 left on base; Santa Fe HS 7 - Bishop Gorman HS 1
BOTTOM OF THE 4TH
Bishop Gorman HS batting - Pitching for Santa Fe HS Chiefs : RHP Benjamin Bell
Batting: LHB Zhen-bang Rao 0-0: Ball
1-0: Ball
2-0: Ball
3-0: Called Strike
3-1: Called Strike
3-2: Fly out, F8 (Flyball, 78M)
Batting: RHB Bryan Martínez 0-0: Called Strike
0-1: Ball
1-1: Ball
2-1: Ball
3-1: Base on Balls
Batting: LHB Jack Jefferson 0-0: Foul Ball, location: 2F
0-1: Ball
1-1: SINGLE (Groundball, 34)
Bryan Martínez to second
Runner from 2nd tries for 3rd, SAFE, throw made to third
Batting: RHB Steve Murphy 0-0: Called Strike
0-1: Foul Ball, location: 2F
0-2: Strikes out looking
Batting: RHB Sidney Gilbert 0-0: Foul Ball, location: 2F
0-1: Ball
1-1: Foul Ball, location: 2F
1-2: Ball
2-2: Strikes out swinging
Bottom of the 4th over - 0 run(s), 1 hit(s), 0 error(s), 2 left on base; Santa Fe HS 7 - Bishop Gorman HS 1
TOP OF THE 5TH
Santa Fe HS Chiefs batting - Pitching for Bishop Gorman HS : RHP Craig Stanley
Batting: RHB Stan Murray 0-0: SINGLE (Line Drive, 89S)
Batting: LHB William Mitchell 0-0: Ball
1-0: Called Strike
1-1: Fielders Choice at 2nd, 3-6 (Groundball, 3)
Batting: RHB William Todd 0-0: Called Strike
William Mitchell steals 2nd base
0-1: Ball
1-1: Called Strike
1-2: Strikes out swinging
Batting: RHB Thomas Barnes 0-0: Swinging Strike
0-1: Fly out, F8 (Flyball, 8LM)
Top of the 5th over - 0 run(s), 1 hit(s), 0 error(s), 1 left on base; Santa Fe HS 7 - Bishop Gorman HS 1
BOTTOM OF THE 5TH
Bishop Gorman HS batting - Pitching for Santa Fe HS Chiefs : RHP Benjamin Bell
Pitching: RHP Jorge Gómez
Batting: RHB Gary Robinson 0-0: Ball
1-0: Ball
2-0: Ball
3-0: Called Strike
3-1: Called Strike
3-2: Foul Ball, location: 2F
3-2: Base on Balls
Batting: LHB Jean-Sébastien Beaudin 0-0: Called Strike
0-1: Ball
1-1: Called Strike
1-2: Strikes out swinging
Batting: RHB Max Kimball 0-0: Ball
1-0: Ball
2-0: Called Strike
2-1: Foul Ball, location: 2F
2-2: Strikes out looking
Batting: RHB Ed Gómez 0-0: Swinging Strike
0-1: Ball
1-1: Ball
2-1: SINGLE (Groundball, 5L)
Gary Robinson to second
Batting: LHB Zhen-bang Rao 0-0: Ball
Wild Pitch!
Gary Robinson to third
Ed Gómez to second
1-0: SINGLE (Line Drive, 8LS)
Gary Robinson scores
Ed Gómez to third
Batting: RHB Bryan Martínez 0-0: Ball
1-0: Foul Ball, location: 2F
1-1: Ball
2-1: Swinging Strike
2-2: Ball
3-2: Base on Balls
Zhen-bang Rao to second
Batting: LHB Jack Jefferson 0-0: Ball
1-0: Fly out, F8 (Flyball, 8LM)
Bottom of the 5th over - 1 run(s), 2 hit(s), 0 error(s), 3 left on base; Santa Fe HS 7 - Bishop Gorman HS 2
TOP OF THE 6TH
Santa Fe HS Chiefs batting - Pitching for Bishop Gorman HS : RHP Craig Stanley
Batting: SHB Oliver Riley 0-0: Called Strike
0-1: Ball
1-1: Ball
Single, Error in OF, E9, batter to second base
Batting: LHB Derrek Robinson 0-0: Ball
1-0: Ball
2-0: Ball
3-0: Base on Balls
Batting: LHB Adrian Neal 0-0: Swinging Strike
0-1: Ground out U3 (Groundball, 3S)
Oliver Riley to third
Derrek Robinson to second
Batting: SHB Ernest Hood 0-0: Ground out 4-3 (Groundball, 4M)
Oliver Riley scores
Derrek Robinson to third
Batting: LHB Paul Starr 0-0: Called Strike
0-1: SINGLE (Groundball, 56D)
Derrek Robinson scores
Batting: RHB Stan Murray 0-0: Fly out, F8 (Line Drive, 8LM)
Top of the 6th over - 2 run(s), 2 hit(s), 1 error(s), 1 left on base; Santa Fe HS 9 - Bishop Gorman HS 2
BOTTOM OF THE 6TH
Bishop Gorman HS batting - Pitching for Santa Fe HS Chiefs : RHP Jorge Gómez
Batting: RHB Steve Murphy 0-0: SINGLE (Groundball, 25) (infield hit)
Batting: RHB Sidney Gilbert 0-0: Called Strike
0-1: Ball
1-1: Ball
2-1: Ball
3-1: Base on Balls
Steve Murphy to second
Batting: RHB Gary Robinson 0-0: Ball
1-0: Called Strike
Steve Murphy steals 3rd base
Sidney Gilbert to second
1-1: Foul Ball, location: 2F
1-2: Ball
2-2: Ground out 6-3 (Groundball, 6)
Steve Murphy scores
Batting: LHB Jean-Sébastien Beaudin 0-0: Ground out 3-1 (Groundball, 34)
Sidney Gilbert to third
Batting: RHB Max Kimball 0-0: Ball
1-0: SINGLE (Groundball, 56)
Sidney Gilbert scores
Pitching: RHP Buddy Wickett
Batting: RHB Ed Gómez 0-0: Fly out, F9 (Popup, 34D)
Bottom of the 6th over - 2 run(s), 2 hit(s), 0 error(s), 1 left on base; Santa Fe HS 9 - Bishop Gorman HS 4
TOP OF THE 7TH
Santa Fe HS Chiefs batting - Pitching for Bishop Gorman HS : RHP Craig Stanley
Pitching: RHP Keith Crabtree
Batting: LHB William Mitchell 0-0: Called Strike
0-1: Swinging Strike
0-2: Fly out, F3 (Popup, 3)
Batting: RHB William Todd 0-0: Ball
1-0: Ball
2-0: Called Strike
2-1: Fly out, F9 (Popup, 4D)
Batting: RHB Thomas Barnes 0-0: Ground out 6-3 (Groundball, 6)
Top of the 7th over - 0 run(s), 0 hit(s), 0 error(s), 0 left on base; Santa Fe HS 9 - Bishop Gorman HS 4
BOTTOM OF THE 7TH
Bishop Gorman HS batting - Pitching for Santa Fe HS Chiefs : RHP Buddy Wickett
Batting: LHB Zhen-bang Rao 0-0: Called Strike
0-1: Ball
1-1: SINGLE (Line Drive, 6M)
Batting: RHB Bryan Martínez 0-0: Ball
1-0: Foul Ball, location: 2F
1-1: SINGLE (Line Drive, 8RS)
Zhen-bang Rao to second
Batting: LHB Jack Jefferson 0-0: Fly out, F8 (Flyball, 8RM)
Batting: RHB Steve Murphy 0-0: Foul Ball, location: 2F
0-1: Ball
1-1: Swinging Strike
1-2: Strikes out swinging
Batting: RHB Sidney Gilbert 0-0: SINGLE (Groundball, 56D)
Zhen-bang Rao to third
Bryan Martínez to second
Runner from 3rd tries for Home, SAFE, no throw or cutoff
Batting: RHB Gary Robinson 0-0: Foul Ball, location: 2F
0-1: Foul Ball, location: 2F
0-2: Ball
1-2: Foul Ball, location: 2F
1-2: SINGLE (Groundball, 56D)
Bryan Martínez to third
Sidney Gilbert to second
Batting: LHB Jean-Sébastien Beaudin 0-0: Ball
1-0: Ball
2-0: Called Strike
2-1: Ball
3-1: Foul Ball, location: 2F
3-2: Foul Ball, location: 2F
3-2: Foul Ball, location: 2F
3-2: Strikes out looking
Bottom of the 7th over - 1 run(s), 4 hit(s), 0 error(s), 3 left on base; Santa Fe HS 9 - Bishop Gorman HS 5
TOP OF THE 8TH
Santa Fe HS Chiefs batting - Pitching for Bishop Gorman HS : RHP Keith Crabtree
Batting: SHB Oliver Riley 0-0: Called Strike
0-1: Foul Ball, location: 2F
0-2: Ball
1-2: Ball
2-2: Ball
3-2: Foul Ball, location: 2F
3-2: Ground out 4-3 (Groundball, 4)
Batting: LHB Derrek Robinson 0-0: Called Strike
0-1: Ball
1-1: Ball
2-1: Foul Ball, location: 2F
2-2: Ball
3-2: Strikes out swinging
Batting: LHB Adrian Neal 0-0: Ball
1-0: Foul Ball, location: 2F
1-1: Ball
2-1: Reached on Error, E7 (Line Drive, 7M)
Batting: SHB Ernest Hood 0-0: Ball
1-0: Ball
2-0: Ball
3-0: Called Strike
3-1: Base on Balls
Batting: LHB Paul Starr 0-0: Called Strike
0-1: Ball
1-1: Ball
2-1: Foul Ball, location: 2F
2-2: Strikes out swinging
Top of the 8th over - 0 run(s), 0 hit(s), 1 error(s), 2 left on base; Santa Fe HS 9 - Bishop Gorman HS 5
BOTTOM OF THE 8TH
Bishop Gorman HS batting - Pitching for Santa Fe HS Chiefs : RHP Buddy Wickett
Batting: RHB Max Kimball 0-0: Ball
1-0: Ground out 4-3 (Groundball, 4M)
Batting: RHB Ed Gómez 0-0: SINGLE (Groundball, 34D)
Batting: LHB Zhen-bang Rao 0-0: Called Strike
0-1: Called Strike
0-2: SINGLE (Line Drive, 56D)
Ed Gómez to second
Pitching: RHP Bob Holland
Batting: RHB Bryan Martínez 0-0: Foul Ball, location: 2F
0-1: Ball
1-1: Grounds into double play, 3-6-1 (Groundball, 3)
Bottom of the 8th over - 0 run(s), 2 hit(s), 0 error(s), 1 left on base; Santa Fe HS 9 - Bishop Gorman HS 5
TOP OF THE 9TH
Santa Fe HS Chiefs batting - Pitching for Bishop Gorman HS : RHP Keith Crabtree
Batting: RHB Stan Murray 0-0: Ground out 5-3 (Groundball, 56)
Batting: LHB William Mitchell 0-0: Ground out 1-3 (Groundball, 13S)
Batting: RHB William Todd 0-0: Hit by Pitch
Batting: RHB Thomas Barnes 0-0: DOUBLE (Flyball, 9M)
William Todd to third
Runner from 3rd tries for Home, SAFE, no throw or cutoff
Batting: SHB Oliver Riley 0-0: Called Strike
0-1: Ball
1-1: Foul Ball, location: 2F
1-2: Foul Ball, location: 2F
1-2: Ball
2-2: Strikes out swinging
Top of the 9th over - 1 run(s), 1 hit(s), 0 error(s), 1 left on base; Santa Fe HS 10 - Bishop Gorman HS 5
BOTTOM OF THE 9TH
Bishop Gorman HS batting - Pitching for Santa Fe HS Chiefs : RHP Bob Holland
Now in RF: Ben Ware
Batting: LHB Jack Jefferson 0-0: Ground out 4-3 (Groundball, 4)
Batting: RHB Steve Murphy 0-0: Called Strike
0-1: Ball
1-1: Ball
2-1: SINGLE (Line Drive, 9S)
Batting: RHB Sidney Gilbert 0-0: Called Strike
0-1: Swinging Strike
0-2: Foul Ball, location: 2F
0-2: Strikes out swinging
Batting: RHB Gary Robinson 0-0: Ball
1-0: Ball
2-0: Called Strike
2-1: Fly out, F8 (Line Drive, 8LM)
Bottom of the 9th over - 0 run(s), 1 hit(s), 0 error(s), 1 left on base; Santa Fe HS 10 - Bishop Gorman HS 5
This league is powered by Out of the Park Baseball, the baseball management simulation game for PC, Mac and Linux
Tuesday, August 2nd, 2016 - OOTP Baseball 16.8 Build 38